[Event "Torneo Nuevo Centro. Jornada 8"]
[Site "Chess.com"]
[Date "2020.08.07"]
[Round "9"]
[White "Fitzpatrick Dimas, Kevin"]
[Black "Rabbani Perez, Oumaima "]
[Result "0-1"]
[WhiteElo "866"]
[BlackElo "636"]
[TimeControl "180+2"]
[EndTime "12:08:04 PDT"]
[Termination "Victoria de OumaimaMaria por abandono"]

1. e4 e6 2. c4 Bc5 3. Nf3 Nf6 4. d4 Bb4+ 5. Nbd2 Ng4 6. Ne5 O-O 7. Nxg4 h6 8. c5 Nc6 9. a3 Bxd2+ 10. Qxd2 Qh4 11. g3 Qxg4 12. Be2 Qxe4 13. f3 Qd5 14. Bd3 Nxd4 15.
Rf1 Nxf3+ 0

[Event "Torneo Nuevo Centro. Jornada 8"]
[Site "Chess.com"]
[Date "2020.08.07"]
[Round "9"]
[White "Aymerich Rosell, Pablo"]
[Black "Sos Andreu, Eric"]
[Result "0-1"]
[WhiteElo "1965"]
[BlackElo "2516"]
[TimeControl "180+2"]
[EndTime "12:09:27 PDT"]
[Termination "Victoria de ericovski por abandono"]

1. e4 c6 2. d4 d5 3. e5 Bf5 4. Nf3 e6 5. Be2 c5 6. Be3 cxd4 7. Nxd4 Ne7 8. Bb5+ Nbc6 9. O-O a6 10. Bxc6+ Nxc6 11. Nxf5 exf5 12. f4 d4 13. Bf2 Bc5 14. Nd2 O-O 15.
Qh5 g6 16. Qh6 f6 17. Bh4 Be7 18. e6 Re8 19. Rae1 Bf8 20. Bxf6 Bxh6 21. Bxd8 Raxd8 22.
Nc4 b5 23. Nb6 Rd6 24. Nd7 Rexe6 25. Nc5 Rxe1 26. Rxe1 Bxf4 27. Nxa6 Be3+ 28. Kh1 Ne5 29. Nc5 Nc4 30. b3 Na3 0

[Event "Torneo Nuevo Centro. Jornada 8"]
[Site "Chess.com"]
[Date "2020.08.07"]
[Round "9"]
[White "Gutierrez Marco, Dario"]
[Black "Bascuñana Sánchez, Pablo"]
[Result "0-1"]
[WhiteElo "1805"]
[BlackElo "1682"]
[TimeControl "180+2"]
[EndTime "12:09:37 PDT"]
[Termination "Victoria de Pabasan2010 por abandono"]

1. e4 c5 2. Nc3 g6 3. Bc4 Nc6 4.
h4 Bg7 5. h5 e6 6. d3 Nge7 7. Be3 d6 8. a3 O-O 9. Qd2 b6 10. Bh6 d5 11. Ba2 dxe4 12. Nxe4 Bxb2 13.
Rb1 Bg7 14. Bxg7 Kxg7 15. hxg6 Nf5 16. gxh7 Rh8 17. g4 Nh4 18. Qf4 Ng2+ 19. Kd1 Nxf4 0

[Event "Torneo Nuevo Centro. Jornada 8"]
[Site "Chess.com"]
[Date "2020.08.07"]
[Round "9"]
[White "Serrano Requena, Guillem"]
[Black "Grigorev, Artur "]
[Result "1-0"]
[WhiteElo "1318"]
[BlackElo "977"]
[TimeControl "180+2"]
[EndTime "12:10:11 PDT"]
[Termination "Victoria de Guily351 por abandono"]

1. d4 d5 2. Nf3 Nc6 3. c4 e6 4.
cxd5 exd5 5. Nc3 Bg4 6. e3 Bb4 7. Be2 Nf6 8. O-O O-O 9. a3 Bxc3 10. bxc3 Ne4 11. Bb2 Qf6 12. c4 Qg6 13. cxd5 Bh3 14. Nh4 Qg5 15. Bf3 Qxh4 16. gxh3 Ng5 17. dxc6 Nxf3+ 18. Qxf3 Qg5+ 19. Kh1 bxc6 20. Rg1 Qb5 21. Qg4 g6 22.
Rab1 Qd5+ 23. Rg2 Qe4 24. Qxe4 f5 25. Qxc6 1

[Event "Torneo Nuevo Centro. Jornada 8"]
[Site "Chess.com"]
[Date "2020.08.07"]
[Round "9"]
[White "Montesinos Diaz, Luis"]
[Black "Pedros Viudes, Santiago"]
[Result "0-1"]
[WhiteElo "1855"]
[BlackElo "1921"]
[TimeControl "180+2"]
[EndTime "12:11:14 PDT"]
[Termination "Victoria de ElGatoKamsky por abandono"]

1. d4 Nf6 2. Nf3 d5 3. e3 Bf5 4. Bd3 Bg6 5. b3 e6 6. Bb2 Nbd7 7. c4 c6 8. Qc2 Bd6 9. Nbd2 Qe7 10. a3 e5 11.
dxe5 Nxe5 12. Nxe5 Bxe5 13. O-O Bxd3 14. Qxd3 Bxb2 15.
Rab1 Bxa3 16. Rfe1 Bb4 17. e4 Bxd2 18. Qxd2 dxe4 19.
f3 Qc5+ 20. Kh1 O-O 21. fxe4 Ng4 22. Rf1 Qe3 23. Qc2 Rad8 24. Rbe1 Rd2 25. Rxe3 Rxc2 26. Rg3 Ne5 27. Rg5 f6 28. Rgf5 Rd8 29. g4 Rdd2 30.
Rh5 Nxg4 31. Ra1 0

[Event "Torneo Nuevo Centro. Jornada 8"]
[Site "Chess.com"]
[Date "2020.08.07"]
[Round "9"]
[White "Beneyto de Ramon, Guillermo"]
[Black "Martínez Escandell, Alfonso"]
[Result "0-1"]
[WhiteElo "1654"]
[BlackElo "1827"]
[TimeControl "180+2"]
[EndTime "12:12:01 PDT"]
[Termination "Victoria de Alfonso10 por abandono"]

1. c4 c5 2. Nc3 g6 3. g3 Bg7 4.
Bg2 e6 5. Nf3 Ne7 6. d3 Nbc6 7.
Bf4 O-O 8. Nb5 e5 9. Be3 d6 10.
Nc3 Nf5 11. Bg5 f6 12. Bd2 Nfd4 13. Nxd4 Nxd4 14. O-O Rb8 15. e3 Ne6 16. Bd5 Kh8 17.
f4 a6 18. fxe5 fxe5 19. Rxf8+ Qxf8 20. Qf1 b5 21. Qxf8+ Bxf8 22. Rf1 Bh6 23. Bxe6 Bxe6 24. Rf6 Bg8 25. cxb5 axb5 26. Rxd6 b4 27. Nd5 Bf8 28.
Rd7 Be6 29. Nf6 Bxd7 30. Nxd7 Rd8 31. Nxf8 Rxf8 32. Kg2 Rd8 33. d4 exd4 34. exd4 Rxd4 35. Be3 Rd5 36. Kf3 c4 37. Ke4 Rd7 38. h3 c3 39.
bxc3 bxc3 40. Bd4+ Kg8 41. Bxc3 Ra7 42. Kf3 Ra3 43. Kg4 Rxc3 44. a4 Ra3 45. a5 Rxa5 46. h4 Kg7 47. Kh3 Kf6 48. Kg4 h5+ 49. Kf4 Ra4+ 50.
Kf3 Kf5 51. Kg2 Kg4 52. Kh2 Ra2+ 53. Kh1 Kxg3 0

[Event "Torneo Nuevo Centro. Jornada 8"]
[Site "Chess.com"]
[Date "2020.08.07"]
[Round "9"]
[White "Carbonell Bofill, Carlos Eloy"]
[Black "Kovacevic, Slobodan"]
[Result "0-1"]
[WhiteElo "1959"]
[BlackElo "2219"]
[TimeControl "180+2"]
[EndTime "12:12:33 PDT"]
[Termination "Victoria de nikko110 por tiempo"]

1. d4 Nf6 2. Nf3 e6 3. e3 c5 4.
Bd3 cxd4 5. exd4 d6 6. O-O b6 7. Re1 Bb7 8. Nbd2 Be7 9. Ne4 Nbd7 10. Bf4 Qc7 11. c3 O-O 12. Qc2 h6 13. h3 a6 14.
Re2 Rfe8 15. Rae1 Nd5 16. Bh2 b5 17. a3 N7b6 18. Nc5 Bc6 19. Nd2 Qd8 20. Nce4 Qd7 21.
f4 Rac8 22. Nf3 Nc4 23. Bxc4 bxc4 24. f5 exf5 25. Nxd6 Bxd6 26. Rxe8+ Rxe8 27. Rxe8+ Qxe8 28. Bxd6 Qe3+ 29. Qf2 Qc1+ 30. Kh2 Ne3 31. Ne5 Be4 32. Nf3 Nf1+ 33. Kg1 Ng3+ 34. Kh2 Nh5 0

[Event "Torneo Nuevo Centro. Jornada 8"]
[Site "Chess.com"]
[Date "2020.08.07"]
[Round "9"]
[White "Yuste Valenzuela, Alejandro"]
[Black "Pardo Ruiz, Carlos"]
[Result "1-0"]
[WhiteElo "1872"]
[BlackElo "1692"]
[TimeControl "180+2"]
[EndTime "12:12:52 PDT"]
[Termination "Victoria de alejandrito290 por jaque mate"]

1. e4 Nf6 2. e5 Nd5 3. c4 Nb6 4. d4 d6 5. exd6 exd6 6. Nf3 Bg4 7. h3 Bxf3 8. Qxf3 Nc6 9. Be3 Be7 10. Nc3 O-O 11. Bd3 Bf6 12. O-O g6 13. Ne4 Bg7 14.
d5 Ne5 15. Qe2 Re8 16. Qc2 Nxd3 17. Qxd3 Bxb2 18. Bg5 Qc8 19. Nf6+ Bxf6 20. Bxf6 Nd7 21. Bb2 Ne5 22. Qd4 f6 23. f4 Nd7 24. f5 g5 25.
h4 h6 26. hxg5 hxg5 27. Rf3 Ne5 28. Rh3 Qxf5 29. Rf1 Qg6 30. Qf2 Kg7 31. Bxe5 Rxe5 32. Rf3 Rf8 33. Qb2 b6 34. a4 Re4 35. Qc2 Rg4 36. Qxg6+ Kxg6 37. Rc3 Re8 38. Rcf3 Re2 39. Rxf6+ Kh5 40. R6f2 Ree4 41. Rf7 Rxc4 42. Rh7+ Kg6 43. Rhf7 Rc2 44. R1f6+ Kh5 45. Rh7# 1

[Event "Torneo Nuevo Centro. Jornada 8"]
[Site "Chess.com"]
[Date "2020.08.07"]
[Round "9"]
[White "Gimenez Saiz, Jose Raul"]
[Black "Gómez Alonso, Óscar"]
[Result "1-0"]
[WhiteElo "1756"]
[BlackElo "1813"]
[TimeControl "180+2"]
[EndTime "12:13:18 PDT"]
[Termination "Victoria de rango013 por jaque mate"]

1. d4 Nf6 2. e3 d5 3. Bd3 c6 4.
Nd2 g6 5. f4 Bg7 6. Ngf3 Bg4 7.
O-O Nbd7 8. h3 Bxf3 9. Qxf3 e6 10. c3 Qe7 11. e4 dxe4 12. Nxe4 Nxe4 13. Bxe4 Nf6 14.
Bxc6+ Kf8 15. Bxb7 Rb8 16. Be4 Nxe4 17. Qxe4 Bf6 18. g4 Qb7 19. Qxb7 Rxb7 20. b3 Kg7 21. Bb2 Rd8 22. Kg2 h6 23. Rad1 Rbd7 24. Kg3 Kh7 25. h4 Be7 26. f5 Bd6+ 27. Kh3 exf5 28. gxf5 Re7 29. fxg6+ fxg6 30. Rde1 Rde8 31. Rxe7+ Rxe7 32. Rf6 Re3+ 33. Kg2 Bf8 34. Rxf8 Re2+ 35. Rf2 Re4 36. Kf3 Rxh4 37. c4 g5 38. d5 Rf4+ 39. Kg3 Re4 40. d6 Re8 41. Bf6 Re6 42. Be7 Re3+ 43. Rf3 Re2 44. d7 h5 45. d8=Q h4+ 46. Kh3 Re5 47.
Rf7+ Kg6 48. Qg8+ Kh5 49. Rh7# 1

[Event "Torneo Nuevo Centro. Jornada 8"]
[Site "Chess.com"]
[Date "2020.08.07"]
[Round "9"]
[White "Castellano López, Javier"]
[Black "Perez Garcia, Jose Miguel"]
[Result "0-1"]
[WhiteElo "1906"]
[BlackElo "2035"]
[TimeControl "180+2"]
[EndTime "12:13:25 PDT"]
[Termination "Victoria de PEREZOV69 por jaque mate"]

1. d4 c5 2. d5 d6 3. c4 e5 4. dxe6 Bxe6 5. e4 Nf6 6. Nc3 Nc6 7. Nf3 Bg4 8. Be2 Be7 9. O-O O-O 10. b3 Re8 11. Bb2 Bf8 12. Qc2 Bxf3 13. Bxf3 Nd4 14.
Qd3 Nd7 15. Bd1 Ne5 16. Qg3 g6 17. Ne2 Nxe2+ 18. Bxe2 Bg7 19. Rab1 Qe7 20. Rfd1 Rad8 21. f4 Nc6 22. Bf3 Bxb2 23. Rxb2 Nd4 24. a3 b6 25. Rd3 Qf6 26. Rbd2 Rd7 27. a4 Rde7 28. Re3 Kg7 29. Rd1 Nc2 30. Red3 Nd4 31. Re1 h5 32. Rde3 Nc2 33. e5 dxe5 34. fxe5 Qe6 35. Bd5 Qg4 36.
Qxg4 hxg4 37. R1e2 Nxe3 38. Rxe3 Rxe5 39. Rxe5 Rxe5 40.
Kf2 f5 41. g3 Kf6 42. Bb7 g5 43. Bd5 f4 44. gxf4 gxf4 45. Bb7 Kg5 46. Bd5 Kh4 47. Bg2 Re3 48. a5 Rxb3 49. axb6 axb6 50. Bd5 Rb2+ 51. Kg1 g3 52. hxg3+ Kxg3 53. Kf1 f3 54. Ke1 f2+ 55.
Kf1 Rb1+ 56. Ke2 f1=Q+ 57. Ke3 Re1+ 58. Kd2 Qf2+ 59. Kc3 Re3# 0

[Event "Torneo Nuevo Centro. Jornada 8"]
[Site "Chess.com"]
[Date "2020.08.07"]
[Round "9"]
[White "Donate Peris, Jose Manuel"]
[Black "Conon, Catalin"]
[Result "0-1"]
[WhiteElo "1529"]
[BlackElo "1907"]
[TimeControl "180+2"]
[EndTime "12:13:31 PDT"]
[Termination "Victoria de CatalinConon por abandono"]

1. d4 Nf6 2. c4 e6 3. Nc3 d5 4.
cxd5 exd5 5. a3 Be7 6. Nf3 O-O 7.
e3 c6 8. Be2 Bf5 9. O-O h6 10.
Bd2 Nbd7 11. Rc1 Rc8 12. b4 Ne4 13. Nxe4 Bxe4 14. Bc3 Bd6 15. Nd2 Bh7 16. f4 Re8 17.
Rf3 Nf6 18. Nf1 Qd7 19. Bd3 Ne4 20. Bxe4 Bxe4 21. Rg3 Kh8 22. Nd2 Re7 23. Nf3 Bxf3 24. Qxf3 Rce8 25. Re1 Qf5 26. Qd1 Qe4 27. Rf3 b6 28.
Kf2 f6 29. g4 a6 30. h4 Bc7 31.
g5 fxg5 32. hxg5 hxg5 33. Rh3+ Kg8 34. Qh5 gxf4 35. Qh8+ Kf7 36. Qh5+ Qg6 37. Qh4 fxe3+ 38. Rexe3 Rxe3 39. Rxe3 Rxe3 40. Kxe3 Qg3+ 41. Qxg3 Bxg3 42. Kf3 Bd6 43. Kg4 Kf6 44. Bd2 Bh2 45. Bg5+ Ke6 46. Bc1 Bg1 47. Bb2 Be3 48. Kf3 Bd2 49. Kg4 Kf6 50.
Kf3 Kf5 51. Ke2 Bf4 52. Kf3 g5 53. Bc3 g4+ 54. Kf2 Ke4 0

[Event "Torneo Nuevo Centro. Jornada 8"]
[Site "Chess.com"]
[Date "2020.08.07"]
[Round "9"]
[White "Chofre Murcia, Adrián"]
[Black "Ainsa Jimenez, Lucas"]
[Result "1-0"]
[WhiteElo "1682"]
[BlackElo "1092"]
[TimeControl "180+2"]
[EndTime "12:13:36 PDT"]
[Termination "Victoria de Kelorian por tiempo"]

1. e4 e5 2. Nc3 Nc6 3. f4 exf4 4. Nf3 Nf6 5. d4 d5 6. e5 Nd7 7. Bb5 Bb4 8. O-O O-O 9. Nxd5 Ba5 10. c3 a6 11.
Bxc6 bxc6 12. Nxf4 c5 13. Be3 cxd4 14. cxd4 Nb6 15.
a3 Nc4 16. Qe2 Nxe3 17. Qxe3 Bb6 18. Rac1 Bb7 19. Rfd1 Qe7 20. Kh1 Rfd8 21. Qb3 Bxf3 22. Qxf3 Bxd4 23. Rxd4 Rxd4 24. Qxa8+ Qf8 25. Qxf8+ Kxf8 26.
g3 Re4 27. Rxc7 Rxe5 28. Ra7 Rb5 29. a4 Rxb2 30. Nd5 g6 31. Rxa6 Kg7 32. Rb6 Ra2 33.
Rb4 Ra1+ 34. Kg2 Rd1 35. Rb5 Rd2+ 36. Kf3 Rd4 37. a5 Ra4 38. Nb6 Ra3+ 39. Kg2 Ra2+ 40. Kh3 Kh6 41. Nc4 f5 42. Rb6 Kh5 43. a6 g5 44. g4+ 1

[Event "Torneo Nuevo Centro. Jornada 8"]
[Site "Chess.com"]
[Date "2020.08.07"]
[Round "9"]
[White "Casado Andreu, David"]
[Black "Fente Fernandez, Jose Ignacio"]
[Result "1/2-1/2"]
[WhiteElo "1746"]
[BlackElo "1466"]
[TimeControl "180+2"]
[EndTime "12:13:58 PDT"]
[Termination "Tablas por rey ahogado"]

1. e4 e5 2. Nf3 Nc6 3. Bc4 Bc5 4. c3 Nf6 5. d3 O-O 6. Bb3 d6 7. Nbd2 Be6 8. Bc2 Ne7 9. h3 Ng6 10. Nf1 h6 11. Ng3 Nf4 12. O-O Qd7 13. d4 exd4 14.
cxd4 Bb6 15. Bxf4 g5 16. Be3 d5 17. e5 Nh7 18. Qd3 f5 19. exf6 Rxf6 20. Ne5 Qe7 21. Nh5 Rff8 22. Ng6 Qf7 23. Nxf8 Rxf8 24. f4 Bf5 25.
Qe2 Bxc2 26. fxg5 Qg6 27. Rxf8+ Nxf8 28. Nf6+ Kg7 29. Rf1 hxg5 30. Qg4 Bf5 31. Nh5+ Kh8 32. Qxg5 Qxg5 33. Bxg5 Bxd4+ 34. Kh2 Bg6 35. Rxf8+ Kh7 36. Nf6+ Kg7 37. Rg8+ Kf7 38. Rc8 Bxf6 39. Bxf6 Kxf6 40.
Rxc7 Ke5 41. Rxb7 d4 42. Re7+ Kf4 43. g3+ Kf3 44. Re1 d3 45. Rd1 Ke2 46. Rg1 d2 47. h4 d1=Q 48. Rxd1 Kxd1 49. a3 Ke2 50. b4 Ke3 51. g4 Kd4 52. Kg3 Kc3 53. h5 Bh7 54.
g5 Kb3 55. g6 Bg8 56. h6 Kxa3 57. h7 Kxb4 58. hxg8=Q a5 59. Qb8+ Ka4 60. Qb2 1/2-1

[Event "Torneo Nuevo Centro. Jornada 8"]
[Site "Chess.com"]
[Date "2020.08.07"]
[Round "9"]
[White "Miranda Calvo, Max Rodrigo"]
[Black "Perrot, Fabien "]
[Result "0-1"]
[WhiteElo "1317"]
[BlackElo "1034"]
[TimeControl "180+2"]
[EndTime "12:14:23 PDT"]
[Termination "Victoria de InspiredMinds por tiempo"]

1. e4 e5 2. Nf3 Nc6 3. Bc4 Bc5 4. d3 Nf6 5. Bg5 d6 6. h3 h6 7. Bh4 g5 8. Bg3 Bd7 9. Nbd2 Qe7 10. O-O O-O-O 11. Qe2 g4 12. hxg4 Bxg4 13. a3 Nd4 14.
Qd1 h5 15. c3 Nxf3+ 16. Nxf3 Rdg8 17. b4 Bb6 18. a4 a6 19. b5 a5 20. Bb3 Nd7 21. c4 Nc5 22. Bc2 h4 23. Bh2 h3 24. g3 Qf8 25. Qe2 f5 26. Bd1 fxe4 27.
dxe4 Kb8 28. Qe3 Nxa4 29. Qa3 Nc5 30. Nd2 Bxd1 31. Raxd1 Qf7 32. Kh1 Qd7 33. f4 exf4 34. gxf4 Qf7 35. Nb3 Nxb3 36. Qxb3 Rg4 37. Qc3 Rhh4 38.
f5 Rxe4 39. Rde1 Rxe1 40. Rxe1 Qd7 41. f6 Ka7 42. Rf1 Qe6 43. f7 Qc8 44. f8=Q Qxf8 0